TOP OF THE 1ST |
Louisville Bats batting - Pitching for El Paso Chihuahuas : RHP Andy Temples
|
Pitching: RHP Andy Temples
|
|
Batting: RHB Ryan Short
|
0-0: Called Strike 0-1: Ball 1-1: Ball 2-1: Ball 3-1: Foul Ball, location: 2F 3-2: Fly out, F2 (Popup, 2LF, EV 95.6 MPH)
|
Batting: LHB Satoru Handa
|
0-0: Fly out, F7 (Flyball, 78M, EV 86.2 MPH)
|
Batting: RHB Bruno André
|
0-0: Foul Ball, location: 2F 0-1: Ball 1-1: Ball 2-1: Swinging Strike 2-2: Foul Ball, location: 2F 2-2: Ball 3-2: Base on Balls
|
Batting: RHB Won-jun Park
|
0-0: Foul Ball, location: 2F 0-1: Ball 1-1: Called Strike 1-2: Foul Ball, location: 2F 1-2: Foul Ball, location: 2F 1-2: Ball 2-2: Ball 3-2: Ground out 4-3 (Groundball, 4M, EV 104.4 MPH)
|
Top of the 1st over - 0 runs, 0 hits, 0 errors, 1 left on base; Louisville 0 - El Paso 0 |
BOTTOM OF THE 1ST |
El Paso Chihuahuas batting - Pitching for Louisville Bats : RHP Sam Alexander
|
Pitching: RHP Sam Alexander
|
|
Batting: LHB Angel Mejia
|
0-0: Called Strike 0-1: Ball 1-1: Ground out U3 (Groundball, 3, EV 86.9 MPH)
|
Batting: RHB Rodolfo Rivera
|
0-0: Ball 1-0: Foul Ball, location: 2F 1-1: Ball 2-1: Ground out 6-3 (Groundball, 6, EV 83.1 MPH)
|
Batting: LHB Carlos Cuellar
|
0-0: Ball 1-0: Ball 2-0: Ball 3-0: Called Strike 3-1: Ground out 6-3 (Groundball, 4M, EV 84.4 MPH)
|
Bottom of the 1st over - 0 runs, 0 hits, 0 errors, 0 left on base; Louisville 0 - El Paso 0 |
TOP OF THE 2ND |
Louisville Bats batting - Pitching for El Paso Chihuahuas : RHP Andy Temples
|
Batting: RHB Danny Real
|
0-0: Called Strike 0-1: Ball 1-1: Ground out U3 (Groundball, 34S, EV 83.1 MPH)
|
Batting: SHB Paul Sandoval
|
0-0: Ball 1-0: Ball 2-0: Swinging Strike 2-1: DOUBLE (Line Drive, 7LM, EV 111.9 MPH)
|
Batting: RHB Pedro Pinero
|
0-0: Ball 1-0: Called Strike 1-1: Swinging Strike 1-2: Fly out, F7 (Line Drive, 7S, EV 90.0 MPH)
|
Batting: RHB Colin Lord
|
0-0: Ball 1-0: Foul Ball, location: 2F 1-1: Swinging Strike 1-2: Foul Ball, location: 2F 1-2: Foul Ball, location: 2F 1-2: Strikes out swinging
|
Top of the 2nd over - 0 runs, 1 hit, 0 errors, 1 left on base; Louisville 0 - El Paso 0 |
BOTTOM OF THE 2ND |
El Paso Chihuahuas batting - Pitching for Louisville Bats : RHP Sam Alexander
|
Batting: RHB Roberto Lemus
|
0-0: Called Strike 0-1: Ball 1-1: Ground out 5-3 (Groundball, 56S, EV 84.4 MPH)
|
Batting: RHB Eric Sandell
|
0-0: Called Strike 0-1: Called Strike 0-2: Ball 1-2: Ball 2-2: Strikes out swinging
|
Batting: RHB Chase Briney
|
0-0: Ball 1-0: Ball 2-0: Called Strike 2-1: Fly out, F9 (Flyball, 9, EV 89.4 MPH)
|
Bottom of the 2nd over - 0 runs, 0 hits, 0 errors, 0 left on base; Louisville 0 - El Paso 0 |
TOP OF THE 3RD |
Louisville Bats batting - Pitching for El Paso Chihuahuas : RHP Andy Temples
|
Batting: RHB Matt Silva
|
0-0: Ground out 5-3 (Groundball, 56, EV 89.4 MPH)
|
Batting: RHB Ryan Short
|
0-0: Called Strike 0-1: Ball 1-1: Called Strike 1-2: Ball 2-2: Ball 3-2: Foul Ball, location: 2F 3-2: Strikes out swinging
|
Batting: LHB Satoru Handa
|
0-0: Called Strike 0-1: Ball 1-1: Called Strike 1-2: Fly out, F5 (Popup, 25F, EV 81.9 MPH)
|
Top of the 3rd over - 0 runs, 0 hits, 0 errors, 0 left on base; Louisville 0 - El Paso 0 |
BOTTOM OF THE 3RD |
El Paso Chihuahuas batting - Pitching for Louisville Bats : RHP Sam Alexander
|
Batting: LHB Anthony Mosley
|
0-0: Foul Ball, location: 2F 0-1: Called Strike 0-2: SINGLE (Groundball, 34D, EV 101.9 MPH)
|
Batting: RHB Andy Sheridan
|
0-0: Ball 1-0: Foul Ball, location: 2F 1-1: SINGLE (Groundball, 56D, EV 97.5 MPH) Anthony Mosley to second
|
Batting: RHB Lamberto Amicis
|
0-0: DOUBLE (Line Drive, 7LS, EV 93.8 MPH) Anthony Mosley scores Andy Sheridan to third
|
Batting: LHB Angel Mejia
|
0-0: Ground out 4-3 (Groundball, 4S, EV 83.1 MPH) Andy Sheridan scores Lamberto Amicis to third
|
Batting: RHB Rodolfo Rivera
|
0-0: Ball 1-0: Ground out 6-3 (Groundball, 6, EV 103.8 MPH) Lamberto Amicis scores
|
Batting: LHB Carlos Cuellar
|
0-0: Called Strike 0-1: Fly out, F7 (Flyball, 78M, EV 83.8 MPH)
|
Bottom of the 3rd over - 3 runs, 3 hits, 0 errors, 0 left on base; Louisville 0 - El Paso 3 |
TOP OF THE 4TH |
Louisville Bats batting - Pitching for El Paso Chihuahuas : RHP Andy Temples
|
Batting: RHB Bruno André
|
0-0: Called Strike 0-1: Foul Ball, location: 2F 0-2: Foul Ball, location: 2F 0-2: Ball 1-2: Ball 2-2: Foul Ball, location: 2F 2-2: Foul Ball, location: 2F 2-2: Foul Ball, location: 2F 2-2: Ground out 6-3 (Groundball, 6, EV 82.5 MPH)
|
Batting: RHB Won-jun Park
|
0-0: Called Strike 0-1: SINGLE (Groundball, 34D, EV 95.6 MPH)
|
Batting: RHB Danny Real
|
0-0: Foul Ball, location: 2F 0-1: Ball 1-1: Called Strike 1-2: SINGLE (Groundball, 6M, EV 110.6 MPH) (infield hit) Won-jun Park to second
|
Batting: SHB Paul Sandoval
|
0-0: Ball 1-0: Swinging Strike 1-1: Swinging Strike 1-2: Strikes out looking
|
Batting: RHB Pedro Pinero
|
0-0: Foul Ball, location: 2F 0-1: SINGLE (Line Drive, 9S, EV 113.1 MPH) Won-jun Park to third Danny Real to second
|
Batting: RHB Colin Lord
|
0-0: Fly out, F9 (Flyball, 89D, EV 106.2 MPH)
|
Top of the 4th over - 0 runs, 3 hits, 0 errors, 3 left on base; Louisville 0 - El Paso 3 |
BOTTOM OF THE 4TH |
El Paso Chihuahuas batting - Pitching for Louisville Bats : RHP Sam Alexander
|
Batting: RHB Roberto Lemus
|
0-0: SINGLE (Groundball, 23, EV 75.6 MPH) (infield hit)
|
Batting: RHB Eric Sandell
|
0-0: Ball 1-0: Ball 2-0: Ball 3-0: Called Strike 3-1: Called Strike 3-2: Strikes out swinging Roberto Lemus steals 2nd base Batter strikes out.
|
Batting: RHB Chase Briney
|
0-0: Called Strike Roberto Lemus steals 3rd base 0-1: Ball 1-1: Ball 2-1: Called Strike 2-2: Foul Ball, location: 2F 2-2: SINGLE (Groundball, 4D, EV 108.1 MPH) Roberto Lemus scores
|
Batting: LHB Anthony Mosley
|
0-0: Ball 1-0: Grounds into double play, 4-6-3 (Groundball, 34, EV 103.8 MPH)
|
Bottom of the 4th over - 1 run, 2 hits, 0 errors, 0 left on base; Louisville 0 - El Paso 4 |
TOP OF THE 5TH |
Louisville Bats batting - Pitching for El Paso Chihuahuas : RHP Andy Temples
|
Batting: RHB Matt Silva
|
0-0: Called Strike 0-1: Fly out, F9 (Flyball, 89S, EV 88.1 MPH)
|
Batting: RHB Ryan Short
|
0-0: Called Strike 0-1: Ball 1-1: Swinging Strike 1-2: Foul Ball, location: 2F 1-2: Strikes out swinging
|
Batting: LHB Satoru Handa
|
0-0: Foul Ball, location: 2F 0-1: Ball 1-1: Ball 2-1: Ball 3-1: Called Strike 3-2: Strikes out swinging
|
Top of the 5th over - 0 runs, 0 hits, 0 errors, 0 left on base; Louisville 0 - El Paso 4 |
BOTTOM OF THE 5TH |
El Paso Chihuahuas batting - Pitching for Louisville Bats : RHP Sam Alexander
|
Batting: RHB Andy Sheridan
|
0-0: Ball 1-0: Ball 2-0: Ball 3-0: Foul Ball, location: 2F 3-1: Foul Ball, location: 2F 3-2: Strikes out swinging
|
Batting: RHB Lamberto Amicis
|
0-0: Called Strike 0-1: Foul Ball, location: 2F 0-2: Ball 1-2: Ball 2-2: Foul Ball, location: 2F 2-2: Ball 3-2: Ground out 6-3 (Groundball, 6, EV 87.5 MPH)
|
Batting: LHB Angel Mejia
|
0-0: Called Strike 0-1: Ball 1-1: Foul Ball, location: 2F 1-2: Foul Ball, location: 2F 1-2: SINGLE (Groundball, 34S, EV 70.6 MPH) (infield hit)
|
Batting: RHB Rodolfo Rivera
|
0-0: Ball Pickoff Throw to First - Out! 1-3
|
Bottom of the 5th over - 0 runs, 1 hit, 0 errors, 0 left on base; Louisville 0 - El Paso 4 |
TOP OF THE 6TH |
Louisville Bats batting - Pitching for El Paso Chihuahuas : RHP Andy Temples
|
Batting: RHB Bruno André
|
0-0: Ball 1-0: Ground out 6-3 (Groundball, 56D, EV 99.4 MPH)
|
Batting: RHB Won-jun Park
|
0-0: Ball 1-0: Foul Ball, location: 2F 1-1: Ground out 1-3 (Groundball, 13, EV 73.8 MPH)
|
Batting: RHB Danny Real
|
0-0: Ball 1-0: Swinging Strike 1-1: Ball 2-1: Ball 3-1: Foul Ball, location: 2F 3-2: Foul Ball, location: 2F 3-2: Strikes out swinging
|
Top of the 6th over - 0 runs, 0 hits, 0 errors, 0 left on base; Louisville 0 - El Paso 4 |
BOTTOM OF THE 6TH |
El Paso Chihuahuas batting - Pitching for Louisville Bats : RHP Sam Alexander
|
Batting: RHB Rodolfo Rivera
|
0-0: Ball 1-0: Ground out 6-3 (Groundball, 6, EV 91.9 MPH)
|
Batting: LHB Carlos Cuellar
|
0-0: Ball 1-0: Swinging Strike 1-1: Ground out 5-3 (Groundball, 56S, EV 88.1 MPH)
|
Batting: RHB Roberto Lemus
|
0-0: Foul Ball, location: 2F 0-1: Hit by Pitch
|
Batting: RHB Eric Sandell
|
0-0: Ball 1-0: Ball 2-0: Called Strike 2-1: Ball Wild Pitch! Roberto Lemus to second 3-1: Base on Balls
|
Batting: RHB Chase Briney
|
0-0: Ball 1-0: Fly out, F3 (Popup, 23F, EV 86.9 MPH)
|
Bottom of the 6th over - 0 runs, 0 hits, 0 errors, 2 left on base; Louisville 0 - El Paso 4 |
TOP OF THE 7TH |
Louisville Bats batting - Pitching for El Paso Chihuahuas : RHP Andy Temples
|
Batting: SHB Paul Sandoval
|
0-0: Ball 1-0: Ball 2-0: DOUBLE (Line Drive, 3D, EV 102.5 MPH)
|
Pitching: RHP Rusty Pinard
|
|
Batting: RHB Pedro Pinero
|
0-0: SINGLE (Groundball, 6, EV 108.1 MPH) Paul Sandoval to third Runner from 3rd tries for Home, SAFE, throw by LF to home
|
Batting: RHB Colin Lord
|
0-0: Ball 1-0: Bunted foul 1-1: Sac Bunt to 13 - play at first, batter OUT! 1-3 Pedro Pinero to second
|
Batting: RHB Matt Silva
|
0-0: Ball 1-0: Ball 2-0: Called Strike 2-1: Ball 3-1: Ground out 4-3 (Groundball, 4, EV 86.9 MPH) Pedro Pinero to third
|
Batting: RHB Ryan Short
|
0-0: SINGLE (Groundball, 6MD, EV 98.8 MPH) Pedro Pinero scores
|
Batting: LHB Satoru Handa
|
0-0: Swinging Strike 0-1: Ball 1-1: Called Strike Ryan Short steals 2nd base 1-2: Ball 2-2: Ball 3-2: Foul Ball, location: 2F 3-2: Base on Balls
|
Batting: RHB Bruno André
|
0-0: Called Strike 0-1: Called Strike 0-2: Ball 1-2: Ball 2-2: Ball 3-2: DOUBLE (Flyball, 78D, EV 107.5 MPH) Ryan Short scores Satoru Handa to third Satoru Handa scores
|
Batting: RHB Won-jun Park
|
0-0: Called Strike 0-1: Ball 1-1: Ball 2-1: Ball 3-1: Fly out, F7 (Flyball, 78D, EV 93.8 MPH)
|
Top of the 7th over - 4 runs, 4 hits, 0 errors, 1 left on base; Louisville 4 - El Paso 4 |
BOTTOM OF THE 7TH |
El Paso Chihuahuas batting - Pitching for Louisville Bats : RHP Sam Alexander
|
Batting: LHB Anthony Mosley
|
0-0: Called Strike 0-1: Ball 1-1: Ball 2-1: Swinging Strike 2-2: Ball 3-2: Foul Ball, location: 2F 3-2: SINGLE (Groundball, 6MD, EV 100.6 MPH)
|
Batting: RHB Andy Sheridan
|
0-0: Ball 1-0: Bunted foul 1-1: Sac Bunt to 2R - play at first, batter OUT! 2-3 Anthony Mosley to second
|
Batting: RHB Lamberto Amicis
|
0-0: Ball Passed Ball! Anthony Mosley to third 1-0: Ball 2-0: Foul Ball, location: 2F 2-1: Ball 3-1: Base on Balls
|
Batting: LHB Angel Mejia
|
0-0: Called Strike 0-1: Ball 1-1: Ground out 6-3 (Groundball, 6, EV 82.5 MPH) Lamberto Amicis to second
|
Pitching: RHP Hideki Kobayashi
|
|
Batting: RHB Rodolfo Rivera
|
0-0: Foul Ball, location: 2F 0-1: Ball 1-1: Ground out 5-3 (Groundball, 5, EV 98.8 MPH)
|
Bottom of the 7th over - 0 runs, 1 hit, 0 errors, 2 left on base; Louisville 4 - El Paso 4 |
TOP OF THE 8TH |
Louisville Bats batting - Pitching for El Paso Chihuahuas : RHP Rusty Pinard
|
Pitching: RHP Rick Cotner
|
|
Batting: RHB Danny Real
|
0-0: Ball 1-0: Foul Ball, location: 2F 1-1: Swinging Strike 1-2: Ball 2-2: Foul Ball, location: 2F 2-2: Foul Ball, location: 2F 2-2: Foul Ball, location: 2F 2-2: Foul Ball, location: 2F 2-2: Foul Ball, location: 2F 2-2: Fly out, F8 (Flyball, 8RS, EV 92.5 MPH)
|
Batting: SHB Paul Sandoval
|
0-0: Called Strike 0-1: Ball 1-1: Foul Ball, location: 2F 1-2: SINGLE (Groundball, 13, EV 80.0 MPH) (infield hit)
|
Batting: RHB Pedro Pinero
|
0-0: Ball Paul Sandoval is caught stealing 2nd base 2-4 1-0: Foul Ball, location: 2F 1-1: Called Strike 1-2: Strikes out swinging
|
Top of the 8th over - 0 runs, 1 hit, 0 errors, 0 left on base; Louisville 4 - El Paso 4 |
BOTTOM OF THE 8TH |
El Paso Chihuahuas batting - Pitching for Louisville Bats : RHP Hideki Kobayashi
|
Batting: LHB Carlos Cuellar
|
0-0: Swinging Strike 0-1: Ground out U3 (Groundball, 34S, EV 80.0 MPH)
|
Batting: RHB Roberto Lemus
|
0-0: Called Strike 0-1: Called Strike 0-2: Ground out 5-3 (Groundball, 56S, EV 84.4 MPH)
|
Batting: RHB Eric Sandell
|
0-0: Ball 1-0: Ball 2-0: Foul Ball, location: 2F 2-1: Ball 3-1: Base on Balls
|
Batting: RHB Chase Briney
|
0-0: Ball 1-0: Called Strike 1-1: Ball 2-1: Ground out 4-3 (Groundball, 4S, EV 86.2 MPH)
|
Bottom of the 8th over - 0 runs, 0 hits, 0 errors, 1 left on base; Louisville 4 - El Paso 4 |
TOP OF THE 9TH |
Louisville Bats batting - Pitching for El Paso Chihuahuas : RHP Rick Cotner
|
Pinch Hitting: SHB Freddie Farrar
|
0-0: Ball 1-0: Called Strike 1-1: Ground out 5-3 (Groundball, 5L, EV 100.0 MPH)
|
Batting: RHB Matt Silva
|
0-0: Ball 1-0: Swinging Strike 1-1: Fly out, F8 (Flyball, 8LD, EV 84.4 MPH)
|
Batting: RHB Ryan Short
|
0-0: Ball 1-0: Ball 2-0: Ball 3-0: Called Strike 3-1: Called Strike 3-2: Base on Balls
|
Batting: LHB Satoru Handa
|
0-0: Ball 1-0: Foul Ball, location: 2F 1-1: Ball 2-1: Ball 3-1: Called Strike 3-2: Foul Ball, location: 2F 3-2: Fly out, F8 (Flyball, 8RD, EV 89.4 MPH)
|
Top of the 9th over - 0 runs, 0 hits, 0 errors, 1 left on base; Louisville 4 - El Paso 4 |
BOTTOM OF THE 9TH |
El Paso Chihuahuas batting - Pitching for Louisville Bats : RHP Hideki Kobayashi
|
Now at 3B: Felipe Pineda
|
|
Batting: LHB Anthony Mosley
|
0-0: Ground out U3 (Groundball, 3, EV 98.8 MPH)
|
Pitching: RHP Giovonni Morgia
|
|
Batting: RHB Andy Sheridan
|
0-0: Ground out 5-3 (Groundball, 56S, EV 83.1 MPH)
|
Pinch Hitting: LHB Hugo MacBeth
|
0-0: Ball 1-0: Ball 2-0: Fly out, F6 (Popup, 6MS, EV 59.4 MPH)
|
Bottom of the 9th over - 0 runs, 0 hits, 0 errors, 0 left on base; Louisville 4 - El Paso 4 |
TOP OF THE 10TH |
Louisville Bats batting - Pitching for El Paso Chihuahuas : RHP Rick Cotner
|
Pitching: RHP Carlos Sepulveda
|
|
Now at C: Hugo MacBeth
|
|
Now at SS: Rodolfo Rivera
|
|
Batting: RHB Bruno André
|
0-0: Foul Ball, location: 2F 0-1: Called Strike 0-2: SINGLE (Groundball, 56D, EV 100.0 MPH)
|
Batting: RHB Won-jun Park
|
0-0: Foul Ball, location: 2F 0-1: Foul Ball, location: 2F 0-2: Ball 1-2: Ball Pickoff Throw to First - Out! 1-3 CS 2-2: Strikes out looking
|
Batting: RHB Danny Real
|
0-0: Called Strike 0-1: Ball 1-1: Ball 2-1: Foul Ball, location: 2F 2-2: Ball 3-2: Strikes out swinging
|
Top of the 10th over - 0 runs, 1 hit, 0 errors, 0 left on base; Louisville 4 - El Paso 4 |
BOTTOM OF THE 10TH |
El Paso Chihuahuas batting - Pitching for Louisville Bats : RHP Giovonni Morgia
|
Pitching: RHP Robbie Delgado
|
|
Batting: LHB Angel Mejia
|
0-0: Fly out, F8 (Flyball, 8LM, EV 81.2 MPH)
|
Batting: RHB Rodolfo Rivera
|
0-0: Called Strike 0-1: Foul Ball, location: 2F 0-2: SINGLE (Line Drive, 9S, EV 90.6 MPH)
|
Batting: LHB Carlos Cuellar
|
0-0: Ball 1-0: Grounds into double play, 1-4-3 (Groundball, 15S, EV 70.0 MPH)
|
Bottom of the 10th over - 0 runs, 1 hit, 0 errors, 0 left on base; Louisville 4 - El Paso 4 |
TOP OF THE 11TH |
Louisville Bats batting - Pitching for El Paso Chihuahuas : RHP Carlos Sepulveda
|
Batting: SHB Paul Sandoval
|
0-0: Called Strike 0-1: Swinging Strike 0-2: Strikes out swinging
|
Batting: RHB Pedro Pinero
|
0-0: Ground out 4-3 (Groundball, 4, EV 77.5 MPH)
|
Batting: RHB Felipe Pineda
|
0-0: Ball 1-0: Ground out 5-3 (Groundball, 5L, EV 106.9 MPH)
|
Top of the 11th over - 0 runs, 0 hits, 0 errors, 0 left on base; Louisville 4 - El Paso 4 |
BOTTOM OF THE 11TH |
El Paso Chihuahuas batting - Pitching for Louisville Bats : RHP Robbie Delgado
|
Batting: RHB Roberto Lemus
|
0-0: Foul Ball, location: 2F 0-1: Foul Ball, location: 2F 0-2: Foul Ball, location: 2F 0-2: Foul Ball, location: 2F 0-2: Strikes out looking
|
Batting: RHB Eric Sandell
|
0-0: Ball 1-0: Foul Ball, location: 2F 1-1: Called Strike 1-2: Ball 2-2: Ball 3-2: Foul Ball, location: 2F 3-2: Base on Balls
|
Batting: RHB Chase Briney
|
0-0: Ball 1-0: Ball 2-0: Ball 3-0: Called Strike 3-1: SINGLE (Groundball, 6D, EV 105.6 MPH) Eric Sandell to second
|
Batting: LHB Anthony Mosley
|
0-0: Ball 1-0: Ball 2-0: SINGLE (Line Drive, 5D, EV 97.5 MPH) Eric Sandell to third Chase Briney to second
|
Batting: RHB Andy Sheridan
|
0-0: Ball 1-0: Ball 2-0: Foul Ball, location: 2F 2-1: Swinging Strike 2-2: Foul Ball, location: 2F 2-2: Strikes out swinging
|
Batting: LHB Hugo MacBeth
|
0-0: Ball 1-0: Ball 2-0: Foul Ball, location: 2F 2-1: Called Strike 2-2: Strikes out swinging
|
Bottom of the 11th over - 0 runs, 2 hits, 0 errors, 3 left on base; Louisville 4 - El Paso 4 |
TOP OF THE 12TH |
Louisville Bats batting - Pitching for El Paso Chihuahuas : RHP Carlos Sepulveda
|
Batting: RHB Matt Silva
|
0-0: Fly out, F4 (Line Drive, 4, EV 76.2 MPH)
|
Batting: RHB Ryan Short
|
0-0: Foul Ball, location: 2F 0-1: Foul Ball, location: 2F 0-2: Ball 1-2: Ball 2-2: Ball 3-2: Ground out 6-3 (Groundball, 6M, EV 99.4 MPH)
|
Batting: LHB Satoru Handa
|
0-0: Called Strike 0-1: Ball 1-1: Ball 2-1: Fly out, F9 (Flyball, 9LSF, EV 84.4 MPH)
|
Top of the 12th over - 0 runs, 0 hits, 0 errors, 0 left on base; Louisville 4 - El Paso 4 |
BOTTOM OF THE 12TH |
El Paso Chihuahuas batting - Pitching for Louisville Bats : RHP Robbie Delgado
|
Pitching: LHP Jerry Nero
|
|
Pinch Hitting: RHB Kiril Emeshin
|
0-0: Foul Ball, location: 2F 0-1: Ball 1-1: Swinging Strike 1-2: Ball 2-2: Strikes out swinging
|
Pitching: RHP Joaquin Villalobos
|
|
Batting: RHB Rodolfo Rivera
|
0-0: Called Strike 0-1: Called Strike 0-2: Ball 1-2: Fly out, F8 (Flyball, 8RM, EV 88.8 MPH)
|
Batting: LHB Carlos Cuellar
|
0-0: Ball 1-0: Foul Ball, location: 2F 1-1: Foul Ball, location: 2F 1-2: Strikes out looking
|
Bottom of the 12th over - 0 runs, 0 hits, 0 errors, 0 left on base; Louisville 4 - El Paso 4 |
TOP OF THE 13TH |
Louisville Bats batting - Pitching for El Paso Chihuahuas : RHP Carlos Sepulveda
|
Now at 2B: Kiril Emeshin
|
|
Batting: RHB Bruno André
|
0-0: Called Strike 0-1: Ball 1-1: Ball 2-1: Ball 3-1: Called Strike 3-2: Foul Ball, location: 2F 3-2: Base on Balls
|
Pitching: RHP Rich Reinbolt
|
|
Batting: RHB Won-jun Park
|
0-0: Called Strike 0-1: Ball 1-1: Swinging Strike 1-2: Strikes out swinging
|
Batting: RHB Danny Real
|
0-0: Ball Bruno André steals 2nd base 1-0: Ball 2-0: SINGLE (Groundball, 34D, EV 95.6 MPH) Bruno André to third Runner from 3rd tries for Home, SAFE, throw by RF to home
|
Batting: SHB Paul Sandoval
|
0-0: Called Strike Danny Real steals 2nd base (no throw) 0-1: Ball 1-1: Foul Ball, location: 2F 1-2: SINGLE (Groundball, 5D, EV 105.0 MPH) Danny Real to third Runner from 3rd tries for Home, SAFE, throw by LF to home
|
Batting: RHB Pedro Pinero
|
0-0: Ball 1-0: Ball 2-0: Ball 3-0: Called Strike 3-1: Base on Balls Paul Sandoval to second
|
Batting: RHB Felipe Pineda
|
0-0: Ball 1-0: Called Strike 1-1: Fielders Choice at 2nd, 5-4 (Groundball, 56S, EV 86.9 MPH) Paul Sandoval to third
|
Batting: RHB Matt Silva
|
0-0: Called Strike 0-1: Ball 1-1: Called Strike 1-2: Ball 2-2: Ground out 6-3 (Groundball, 6M, EV 91.2 MPH)
|
Top of the 13th over - 2 runs, 2 hits, 0 errors, 2 left on base; Louisville 6 - El Paso 4 |
BOTTOM OF THE 13TH |
El Paso Chihuahuas batting - Pitching for Louisville Bats : RHP Joaquin Villalobos
|
Batting: RHB Roberto Lemus
|
0-0: Ball 1-0: Ball 2-0: Called Strike 2-1: Ball 3-1: Foul Ball, location: 2F 3-2: Fly out, F9 (Flyball, 89M, EV 88.8 MPH)
|
Batting: RHB Eric Sandell
|
0-0: Called Strike 0-1: Called Strike 0-2: Ball 1-2: Strikes out swinging
|
Batting: RHB Chase Briney
|
0-0: Called Strike 0-1: Ball 1-1: Ball 2-1: Ball 3-1: Fly out, F8 (Flyball, 89M, EV 89.4 MPH)
|
Bottom of the 13th over - 0 runs, 0 hits, 0 errors, 0 left on base; Louisville 6 - El Paso 4 |
|